 Dungeon Crawl Stone Soup version 0.32-a0-918-g0f22ef8d61 (webtiles) character file.

Game seed: 3473725978665005190

0 innerfire43 the Vexing (level 1, 0/13 HPs)
             Began as a Demonspawn Wanderer on Apr 10, 2024.
             Slain by a quokka (1 damage)
             ... on level 1 of the Dungeon.
             The game lasted 00:00:20 (67 turns).

innerfire43 the Vexing (Demonspawn Wanderer)          Turns: 67, Time: 00:00:21

Health: 0/13       AC:  3    Str: 10    XL:     1   Next: 8%
Magic:  2/2        EV: 11    Int: 14    God:
Gold:   0          SH:  0    Dex: 12    Spells: 2/2 levels left

rFire   . . .        a - +0 dagger
rCold   . . .        (no shield)
rNeg    . . .        c - +0 robe
rPois   .            (no helmet)
rElec   .            (no cloak)
rCorr   .            (no gloves)
SInv    .            d - +0 pair of boots
Will    .....        (no amulet)
Stlth   +            (no ring)
HPRegen 0.22/turn    (no ring)
MPRegen 0.08/turn

%: no passive effects
@: no status effects
A: no striking features
a: no special abilities


You were on level 1 of the Dungeon.
You visited 1 branch of the dungeon, and saw 1 of its levels.

Inventory:

Hand Weapons
 a - a +0 dagger (weapon)
Armour
 c - a +0 robe (worn)
 d - a +0 pair of boots (worn)
Jewellery
 e - an amulet of faith
Scrolls
 g - a scroll of enchant armour {unknown}
Potions
 b - a potion of curing
 f - a potion of cancellation {unknown}


   Skills:
 + Level 0.0 Fighting
 + Level 0.0 Short Blades
 - Level 1.0 Throwing
 * Level 0.0 Armour
 - Level 1.7 Dodging
 - Level 1.0 Spellcasting
 - Level 5.0 Hexes
 - Level 1.0 Fire Magic


You had 2 spell levels left.
You didn't know any spells.
Your spell library contained the following spells:

 Spells                   Type           Power      Damage    Failure   Level
 Slow                     Hex            56%        N/A       3%          1
 Jinxbite                 Hex            28%        N/A       4%          2
 Foxfire                  Conj/Fire      8%         2x1d4     22%         1
 Cause Fear               Hex            7%         N/A       32%         4
 Volatile Blastmotes      Fire/Tloc      4%         2d10      54%         3


Dungeon Overview and Level Annotations

Branches:
Dungeon (1/15)

Altars:


Message History

The quokka bites you. The quokka barely misses you.
You barely miss the quokka.
The quokka is heavily wounded.
The quokka barely misses you.
You barely miss the quokka.
The quokka is heavily wounded.
The quokka closely misses you.
You closely miss the quokka.
The quokka is heavily wounded.
The quokka bites you.
You barely miss the quokka.
The quokka is heavily wounded.
The quokka bites you.
* * * LOW HITPOINT WARNING * * *
You hit the quokka.
The quokka is almost dead.
The quokka misses you. The quokka closely misses you.
You barely miss the quokka.
The quokka is almost dead.
The quokka bites you but does no damage.
You closely miss the quokka.
The quokka is almost dead.
The quokka bites you but does no damage.
You closely miss the quokka.
The quokka is almost dead.
The quokka misses you.
You hit the quokka but do no damage.
The quokka is almost dead.
The quokka closely misses you.
You miss the quokka.
The quokka is almost dead.
The quokka closely misses you. The quokka bites you.
* * * LOW HITPOINT WARNING * * *
You closely miss the quokka.
The quokka is almost dead.
The quokka bites you but does no damage.
You hit the quokka but do no damage.
The quokka is almost dead.
The quokka bites you.
You die...

######################
..............#.....##
.........#...#....#...
#....⌠...##...###....
#.............#.....
##...........#...#...
#...##'#....##.##..#.
. ##.###.........#..
#@##>#.....##.....
##r.##....#......#
.####...#...##..#. ..
...##..#...#.. #.. .#.
.....##.. ... .#
...#... .... ....#..
..... .#...# #####


You could see a quokka.

Vanquished Creatures
  A rat (D:1)
1 creature vanquished.

Notes
Turn   | Place    | Note
-------+----------+-------------------------------------------
     0 | D:1      | innerfire43 the Demonspawn Wanderer began the quest for the
                  | Orb.
     0 | D:1      | innerfire43 set off with the following items: a +0 dagger,
                  | a potion of curing, a +0 robe, a +0 pair of boots; and the
                  | following spells available to memorise: Slow, Jinxbite,
                  | Foxfire, Cause Fear, Volatile Blastmotes.
     0 | D:1      | Reached XP level 1. HP: 13/13 MP: 2/2
    67 | D:1      | Slain by a quokka

Illustrated notes

Levels and vault maps discovered:
D:1:      erik_arrival_cave_to_civilisation [erik_arrival_cave_to_hall],
          layout_basic

Action                     || total
---------------------------++-------
  Melee: Dagger            ||    20
 Armour: Robe              ||    11
  Dodge: Dodged            ||    13

Table legend: (Time is in decaauts)
 A = Elapsed time spent in this place.
 B = Non-inter-level travel time spent in this place.
 C = Inter-level travel time spent in this place.
 D = Time resting spent in this place.
 E = Time spent auto-exploring this place.
 F = Levels seen in this place.
 G = Mean time per level.
                   A        B        C        D        E       F      G
               +--------+--------+--------+--------+--------+-----+--------+
         Total |     67 |     67 |      0 |      0 |     43 |   1 |   67.0 |
       Dungeon |     67 |     67 |      0 |      0 |     43 |   1 |   67.0 |
               +--------+--------+--------+--------+--------+-----+--------+

Top non-repeatable levels by time:
     D:1: 67 daAuts
